Cogmind - Beta 15 @@@ ROGUE MODE // 2025.09.05 @ 18:01:09 Player: BlobtheGreat Result: Destroyed by KN-7UR with KN-7UR's Autopenetrator Performance ------------- Evolutions (2) 1000 Regions Visited (8) 1600 Robots Destroyed (152) 760 Value Destroyed (3700) 3700 Prototype IDs (11) 220 Alien Tech Used (0) 0 Bonus (43) 43 TOTAL SCORE: 7323 Bonus ------- Follower Combat Kills 199 Friendly Fire -156 Cogmind --------- Core Integrity 0/550 Matter 300/300 Energy 99/100 System Corruption 10% Temperature Danger (497) Movement Core (50) Location -8/Recycling Parts ------- > --- POWER (1) -------- (None) > --- PROPULSION (4) --- (None) > --- UTILITY (4) ------ (None) > --- WEAPON (2) ------- (None) > --- INVENTORY (5) ---- Carbon-fiber Leg Aerolev Unit Aerolev Unit Actuator Array Great Axe Peak State ------------ > --- POWER ------------ Light Angular Momentum Engine > --- PROPULSION ------- Medium Treads Medium Treads Medium Treads Medium Treads > --- UTILITY ---------- Advanced Heat Sink High-capacity Storage Unit Targeting Computer Hardened Medium Armor Plating > --- WEAPON ----------- Precision Beam Rifle Enhanced Autogun > --- INVENTORY -------- Improved Ion Engine Carbon-fiber Leg Carbon-fiber Leg Carbon-fiber Leg Carbon-fiber Leg Titanium Leg Airjet Airjet Aerolev Unit Aerolev Unit Structural Scanner Transport Network Coupler Improved Light Armor Plating Hacking Suite Precision Beam Rifle Precision Beam Rifle Precision Beam Rifle Advanced Beam Rifle Mini Grenade Launcher Katana [Rating: 45] Favorites ----------- Power Heavy Ion Engine Engine Heavy Ion Engine Propulsion Medium Treads Treads Medium Treads Leg Aluminum Leg Wheel Wheel Hover Unit Aerolev Unit Flight Unit Improved VTOL Module Utility High-capacity Storage Unit Device Advanced Heat Sink Storage High-capacity Storage Unit Processor Targeting Computer Protection Hardened Medium Armor Plating Weapon Enhanced Autogun Energy Gun Precision Beam Rifle Energy Cannon Heavy Particle Cannon Ballistic Gun Enhanced Autogun Ballistic Cannon Improved Light Cannon Launcher Mini Grenade Launcher Slashing Weapon Mining Claw Build | -11 -10 -9 -9 -9 -8 -8 -8 -8 ------- Run | Yrd Mat Mat Min Exi Min Mat Sto Rec Slots Evolved 4 | . . 2 . . . 2 . . Power . | . . . . . . . . . Propulsion 2 | . . 1 . . . 1 . . Utility 2 | . . 1 . . . 1 . . Weapon . | . . . . . . . . . Parts Attached 71 | 7 7 25 . . 6 15 6 5 Power 4 | 1 . 1 . . 1 . 1 . Engine 4 | 1 . 1 . . 1 . 1 . Core . | . . . . . . . . . Reactor . | . . . . . . . . . Propulsion 26 | 2 3 10 . . 1 7 2 1 Treads 19 | 2 . 7 . . 1 7 1 1 Leg 3 | . 2 1 . . . . . . Wheel 2 | . 1 1 . . . . . . Hover 1 | . . 1 . . . . . . Flight 1 | . . . . . . . 1 . Utility 18 | 2 2 5 . . 2 3 1 3 Device 5 | 1 1 . . . 2 . . 1 Storage 4 | 1 1 1 . . . 1 . . Processor 2 | . . 1 . . . . 1 . Hackware . | . . . . . . . . . Protection 7 | . . 3 . . . 2 . 2 Artifact . | . . . . . . . . . Weapon 23 | 2 2 9 . . 2 5 2 1 Energy Gun 7 | 1 1 1 . . . 3 1 . Energy Cannon 5 | . . 4 . . 1 . . . Ballistic Gun 6 | 1 . 1 . . 1 2 1 . Ballistic Cannon 2 | . . 2 . . . . . . Launcher 1 | . . 1 . . . . . . Special Weapon . | . . . . . . . . . Impact Weapon . | . . . . . . . . . Slashing Weapon 2 | . 1 . . . . . . 1 Piercing Weapon . | . . . . . . . . . Special Melee Weapon . | . . . . . . . . . Unidentified Prototypes 9 | . . 3 . . . 4 1 1 Corrupted Parts 1 | . . . . . . . . 1 System Corruption 4 | . . . . . . . . 4 Parts Lost 38 | . 8 1 . . 2 2 2 23 Power 3 | . 1 . . . . . 1 1 Propulsion 15 | . 3 . . . . 2 . 10 Utility 12 | . 1 1 . . 1 . 1 8 Weapon 8 | . 3 . . . 1 . . 4 Highest Loss Streak 21 | . 3 1 . . 1 1 1 21 To Critical Strikes . | . . . . . . . . . Average Backups 16 | 4 7 17 19 19 19 19 19 19 Power 1 | . 1 1 1 1 2 1 . . Propulsion 5 | 2 3 2 4 4 4 8 8 10 Utility 4 | . 3 6 5 5 5 3 4 5 Weapon 5 | . . 6 9 9 8 6 6 4 Tool/Special . | . . . . . . . . . Unused Backups 38 | . 1 14 . . 1 11 4 7 Power 2 | . . 1 . . . 1 . . Propulsion 15 | . 1 5 . . . 2 3 4 Utility 5 | . . 4 . . . . . 1 Weapon 16 | . . 4 . . 1 8 1 2 Tool/Special . | . . . . . . . . . Average Slot Usage (%) 96 | . 84 98 100 100 100 97 98 97 Engine 9 | . 8 10 11 11 11 9 9 8 Treads 30 | . 16 28 33 33 33 33 36 34 Leg 2 | . 9 3 . . . . . . Device 7 | . 12 5 . . 2 9 7 8 Storage 10 | . 14 11 11 11 11 9 9 9 Processor 7 | . . 5 11 11 11 9 9 8 Protection 7 | . . 10 11 11 8 8 9 9 Energy Gun 4 | . 7 . . . . 6 4 9 Energy Cannon 2 | . . 7 . . 7 2 . . Ballistic Gun 9 | . 9 4 10 11 10 8 13 8 Ballistic Cannon 3 | . . 8 11 11 3 . . . Peak Build Rating 45 | 7 8 25 22 23 27 45 45 39 Average Rating 26 | 5 6 18 21 22 24 38 42 38 On Entrance 21 | . 7 6 22 22 23 27 45 38 Naked Turns 3 | . . . . . . . . 3 Heaviest Build 67 | 12 27 60 58 58 60 67 64 61 Greatest Support 112 | 40 40 66 66 66 66 112 112 106 Greatest Overweight (x) 3 | . 1 3 . . . 1 . 2 Average Overweight (x) . | . . . . . . . . . Largest Inventory Capacity 20 | 8 15 20 20 20 20 20 20 20 Average Capacity 17 | 7 11 17 20 20 20 20 20 19 Most Carried 20 | 7 13 20 19 20 20 20 20 20 Average Carried 16 | 4 7 17 19 19 19 19 19 19 Final Capacity 20 | 8 15 20 20 20 20 20 20 5 Final Carried 20 | 7 13 19 19 20 20 20 20 5 Class Distribution -------------------- 77% | Mutant 12% | Commander-Mutant 9% | Scavenger-Mutant Dominant Class ---------------- Mutant | -10/Materials Mutant | -9/Materials Mutant | -9/Mines Mutant | -9/Exiles Mutant | -8/Mines Mutant | -8/Materials Mutant | -8/Storage Commander-Mutant | -8/Recycling Resources | -11 -10 -9 -9 -9 -8 -8 -8 -8 ----------- Run | Yrd Mat Mat Min Exi Min Mat Sto Rec Matter Collected 2670 | 294 107 584 83 . 310 507 570 215 Remotely . | . . . . . . . . . Salvage Created 5180 | 170 916 1039 86 . 680 1231 766 292 Parts 320 | 11 50 62 8 . 43 72 67 7 Haulers Intercepted 14 | . 2 3 . . . 5 4 . Recyclers Shooed 4 | . 2 1 . . . . 1 . Parts Field Recycled . | . . . . . . . . . Retrieved Matter . | . . . . . . . . . Parts Self-Destructed . | . . . . . . . . . Prevented . | . . . . . . . . . Kills | -11 -10 -9 -9 -9 -8 -8 -8 -8 ------- Run | Yrd Mat Mat Min Exi Min Mat Sto Rec Combat Hostiles Destroyed 109 | . 19 22 4 . 22 25 13 4 Melee 1 | . 1 . . . . . . . Guns 64 | . 18 4 . . 8 17 13 4 Cannons 31 | . . 13 2 . 12 4 . . AOE 12 | . . 4 2 . 2 4 . . Classes Destroyed 15 | 3 5 4 . . 1 1 . 1 Worker 4 | 1 1 1 . . . . 1 . Builder 4 | . . 1 . . 1 . 2 . Tunneler 2 | 2 . . . . . . . . Hauler 14 | . 2 3 . . . 5 4 . Recycler 8 | 1 1 3 . . . 2 . 1 Mechanic 1 | . 1 . . . . . . . Operator 2 | . 1 1 . . . . . . Watcher 8 | . . 4 . . . 2 2 . Swarmer 41 | . 3 7 2 . 10 13 6 . Grunt 39 | . 16 7 2 . 9 3 1 1 Brawler 3 | . . 1 . . 2 . . . Duelist 1 | . . . . . 1 . . . Sentry 22 | . . 7 . . . 8 5 2 Hunter 2 | . . . . . . 1 1 . Scrapper 1 | . . . . . . . . 1 Best Kill Streak 10 | 2 3 10 2 . 6 5 4 1 Combat Bots Only 6 | . 3 6 2 . 6 5 4 1 Max Kills in Single Turn 4 | 1 1 4 1 . 2 2 2 1 Gunslinging 1 | . . . . . . 1 1 . Exploded 2 | . . 2 1 . 2 2 . . Melee 1 | . 1 . . . . . . . Uniques/NPCs Destroyed 1 | . . . . . . . . 1 01-MTF (-8/Recycling) Combat | -11 -10 -9 -9 -9 -8 -8 -8 -8 -------- Run | Yrd Mat Mat Min Exi Min Mat Sto Rec Hostile Shots Fired 585 | . 110 83 7 . 78 101 75 131 Missed 138 | . 31 22 1 . 22 32 21 9 Hits 447 | . 79 61 6 . 56 69 54 122 Melee 4 | . . 3 . . 1 . . . Projectile 443 | . 79 58 6 . 55 69 54 122 Critical Strikes 14 | . . 2 . . 3 5 2 2 Part Disruptions 7 | . . . . . . . . 7 Damage Taken 5760 | . 931 681 72 . 771 889 748 1668 Core 855 | . 186 49 . . 64 140 102 314 Absorbed by Shields . | . . . . . . . . . Ignored by Resistances 56 | . . 56 . . . . . . Regen/Repaired (Parts) 40 | . . 40 . . . . . . Core Remaining (%) 65 | 100 25 . . . 71 . . . Volleys Fired 375 | 24 73 62 7 . 46 73 70 20 Largest 2 | 2 2 2 2 . 2 2 2 2 Hottest 136 | 60 60 136 56 . 98 103 86 86 Shots Fired 700 | 31 129 121 12 . 90 144 140 33 Gun 519 | 31 129 23 5 . 45 113 140 33 Cannon 172 | . . 95 5 . 44 28 . . Launcher 9 | . . 3 2 . 1 3 . . Special . | . . . . . . . . . Kinetic 455 | 24 73 69 10 . 67 71 123 18 Thermal 173 | . . 49 . . 22 70 17 15 Explosive 9 | . . 3 2 . 1 3 . . Electromagnetic 63 | 7 56 . . . . . . . Robot Hit Streak 24 | 5 11 11 7 . 24 24 14 20 Robot Miss Streak 6 | 4 6 3 3 . 4 2 4 1 Penetration Max . | . . . . . . . . . Secondary Targets 9 | . 4 . . . . 2 3 . Max Gunslinging Chain 1 | . 1 . . . . 1 1 . Shots Hit Robots 477 | 16 94 76 8 . 58 107 88 30 Core Hits 215 | 7 43 40 5 . 34 45 33 8 Critical Kills 2 | . 2 . . . . . . . Critical Parts Destroyed 1 | . . . . . . . 1 . Critical Strikes 12 | . 3 1 . . . 4 1 3 Burn 6 | . . . . . . 4 . 2 Destroy 3 | . 2 . . . . . 1 . Blast 1 | . . 1 . . . . . . Corrupt 1 | . 1 . . . . . . . Sever 1 | . . . . . . . . 1 Melee Attacks 20 | . 13 3 . . . . . 4 Impact . | . . . . . . . . . Slashing 20 | . 13 3 . . . . . 4 Piercing . | . . . . . . . . . Sneak Attacks 4 | . 3 1 . . . . . . Combat Hostiles . | . . . . . . . . . Follow-up Attacks . | . . . . . . . . . Damage Inflicted 9420 | 152 1229 1951 300 . 1345 2318 1608 517 Guns 5506 | 152 969 306 33 . 534 1483 1582 447 Cannons 2387 | . . 1132 93 . 512 650 . . Explosions 1042 | . . 449 166 . 255 172 . . Melee 305 | . 223 48 . . . . . 34 Ramming 180 | . 37 16 8 . 44 13 26 36 Kinetic 4728 | 101 437 850 126 . 842 834 1299 239 Thermal 2723 | . . 588 . . 345 1299 283 208 Explosive 901 | . . 449 166 . 114 172 . . Electromagnetic 583 | 51 532 . . . . . . . Impact . | . . . . . . . . . Slashing 305 | . 223 48 . . . . . 34 Piercing . | . . . . . . . . . Highest Corruption 10 | . . . . . . 2 2 10 Average Corruption 2 | . . . . . . 2 2 2 Corruption Purged . | . . . . . . . . . Corruption Blocked . | . . . . . . . . . Effects 46 | . . . . . . 6 21 19 Message Errors 6 | . . . . . . 1 4 1 Matter Fused 5 | . . . . . . . 2 3 Heat Flow Errors 15 | . . . . . . . 7 8 Energy Discharges 7 | . . . . . . 3 3 1 Data Loss (minor) 9 | . . . . . . . 4 5 Misfires 1 | . . . . . . 1 . . Alerts 2 | . . . . . . 1 1 . Weapon Failures 1 | . . . . . . . . 1 Overload Shots . | . . . . . . . . . Overflow Damage 96 | . 14 44 . . 12 26 . . Projectiles 12 | . . . . . 12 . . . Explosions 42 | . . 16 . . . 26 . . Melee 42 | . 14 28 . . . . . . Knockbacks 13 | . . 7 1 . 5 . . . Impact . | . . . . . . . . . Kinetic 12 | . . 7 1 . 4 . . . Secondary 1 | . . . . . 1 . . . Self-Inflicted Damage 74 | . . . . . 73 . . 1 Shots 2 | . . . . . 2 . . . Rammed 21 | . 4 3 2 . 3 2 3 4 Targets Rammed 36 | . 16 5 2 . 3 2 3 5 Kicked 10 | . 10 . . . . . . . Crushed 5 | . 2 2 . . . . . 1 Highest Temperature 536 | 40 121 252 17 . 316 121 221 536 Average Temperature 71 | 25 39 80 11 . 98 21 50 152 Received Heat Transfer 2115 | . 441 234 27 . 324 315 171 603 Effects 14 | . . 1 . . 3 . . 10 Shutdowns 2 | . . . . . . . . 2 Energy Bleed 4 | . . 1 . . 2 . . 1 Interference 4 | . . . . . . . . 4 Matter Decay 2 | . . . . . . . . 2 Short Circuit 2 | . . . . . 1 . . 1 Siege Activations . | . . . . . . . . . Martial Activations . | . . . . . . . . . Shielding Activations . | . . . . . . . . . Robots Disrupted . | . . . . . . . . . Combat Hostiles . | . . . . . . . . . Robots Corrupted . | . . . . . . . . . Combat Hostiles . | . . . . . . . . . Parts Fried 4 | . 4 . . . . . . . Impact Corruptions . | . . . . . . . . . Robots Melted 1 | . . 1 . . . . . . Combat Hostiles 1 | . . 1 . . . . . . Parts Melted 9 | . . . . . 1 3 3 2 Heat Transferred 5380 | . . 1073 . . 446 2627 592 642 Parts Sabotaged . | . . . . . . . . . Parts Stolen . | . . . . . . . . . Parts Stripped . | . . . . . . . . . Power Chain Reactions . | . . . . . . . . . Alert | -11 -10 -9 -9 -9 -8 -8 -8 -8 ------- Run | Yrd Mat Mat Min Exi Min Mat Sto Rec Maximum Alert Level 1 | . 1 1 1 . 1 1 1 . Low Security (%) 75 | 100 99 34 79 . 25 98 77 100 Level 1 24 | . . 65 20 . 74 1 22 . Level 2 . | . . . . . . . . . Level 3 . | . . . . . . . . . Level 4 . | . . . . . . . . . Level 5 . | . . . . . . . . . High Security . | . . . . . . . . . Max Security . | . . . . . . . . . Peak Influence 370 | 10 201 370 250 . 338 220 246 119 Initial 129 | . . 35 129 . . 104 42 64 Average 125 | 1 85 203 122 . 228 89 132 36 Influence Increases 4037 | 20 573 792 253 . 703 781 574 341 Destroy 0b10 Robot/C 2300 | . 380 440 160 . 440 500 300 80 Destroy 0b10 Robot/NC 215 | 20 30 65 . . 5 45 45 5 Destroy Leader 594 | . 104 144 30 . 70 134 112 . Allied During Kill 134 | . . . 22 . . . 55 57 Successful Hack 127 | . 43 10 . . 5 22 28 19 Select Force Hacks 240 | . . 60 . . . . . 180 Disable Machine 150 | . 15 30 . . 75 30 . . Destroy Structure 97 | . 1 28 11 . 33 20 4 . Lose Combat Pursuer 180 | . . 15 30 . 75 30 30 . Influence Decreases 4037 | 20 488 544 578 8 436 945 510 508 Entered New Map 589 | . . 50 204 8 . 163 61 103 Time Decay 3084 | 20 408 484 374 . 416 612 419 351 Lost Part 151 | . 80 10 . . 20 20 10 11 Lost Ally 43 | . . . . . . . 20 23 Purge Threat 170 | . . . . . . 150 . 20 Squads Dispatched 15 | . 6 3 . . . 1 5 . Investigation 7 | . 4 2 . . . . 1 . Extermination . | . . . . . . . . . Reinforcement 5 | . 2 1 . . . 1 1 . Assault . | . . . . . . . . . Garrison 3 | . . . . . . . 3 . Intercept . | . . . . . . . . . Searches Triggered . | . . . . . . . . . Construction Impeded . | . . . . . . . . . Haulers Reinforced . | . . . . . . . . . Active Scanning Responses . | . . . . . . . . . Cargo Convoy Interrupts . | . . . . . . . . . Stealth | -11 -10 -9 -9 -9 -8 -8 -8 -8 --------- Run | Yrd Mat Mat Min Exi Min Mat Sto Rec Distress Signals 13 | . 2 4 . . . 2 5 . Communications Jammed . | . . . . . . . . . Distress Signals . | . . . . . . . . . Times Spotted 165 | . 32 28 7 . 27 41 21 9 Peak Tracking Total 7 | . 4 6 4 . 7 7 5 4 Tactical Retreats 6 | . . 1 1 . 1 1 1 1 Traps | -11 -10 -9 -9 -9 -8 -8 -8 -8 ------- Run | Yrd Mat Mat Min Exi Min Mat Sto Rec Traps Triggered 6 | . 4 . . . . 2 . . Indirectly . | . . . . . . . . . Trap Hack Attempts . | . . . . . . . . . Triggered . | . . . . . . . . . Disarmed . | . . . . . . . . . Reprogrammed . | . . . . . . . . . Reused . | . . . . . . . . . Traps Extracted . | . . . . . . . . . Installed . | . . . . . . . . . Triggered . | . . . . . . . . . Machines | -11 -10 -9 -9 -9 -8 -8 -8 -8 ---------- Run | Yrd Mat Mat Min Exi Min Mat Sto Rec Machines Disabled 10 | . 1 2 . . 5 2 . . Max in Single Turn 2 | . 1 1 . . 2 1 . . Machines Repaired . | . . . . . . . . . Machines Dismantled . | . . . . . . . . . Machines Sabotaged . | . . . . . . . . . Overloaded Fab Kills . | . . . . . . . . . Hacking | -11 -10 -9 -9 -9 -8 -8 -8 -8 --------- Run | Yrd Mat Mat Min Exi Min Mat Sto Rec Machines Accessed 50 | . 6 9 . 1 2 10 11 11 Terminals 37 | . 6 6 . . 2 8 10 5 Fabricators . | . . . . . . . . . Repair Stations 1 | . . 1 . . . . . . Recycling Units 8 | . . 2 . . . . . 6 Scanalyzers 1 | . . . . . . 1 . . Garrison Access 2 | . . . . . . 1 1 . Total Hacks 141 | . 26 27 . 1 5 35 29 18 Successful 70 | . 13 10 . 1 3 15 13 15 Failed 71 | . 13 17 . . 2 20 16 3 Catastrophic 12 | . 1 4 . . . 4 3 . Database Lockouts . | . . . . . . . . . Manual 113 | . 24 25 . . 2 27 18 17 Terminals 121 | . 26 23 . . 5 29 26 12 Fabricators . | . . . . . . . . . Repair Stations 2 | . . 2 . . . . . . Recycling Units 8 | . . 2 . . . . . 6 Scanalyzers 4 | . . . . . . 4 . . Garrison Access 5 | . . . . . . 2 3 . Terminal Hacks 22 | . 5 . . 1 3 5 7 1 Record 1 | . . . . 1 . . . . Robot Schematic 1 | . . . . . . . 1 . Robot Analysis 5 | . 2 . . . . 3 . . Prototype ID Bank 1 | . 1 . . . . . . . Open Door 4 | . . . . . . . 4 . Level Access Points 1 | . 1 . . . . . . . Alert Level 1 | . . . . . . . 1 . Unreport Threat 2 | . . . . . . 1 . 1 Recall Investigation 1 | . . . . . 1 . . . Recall Reinforcements 1 | . . . . . . 1 . . Registered Components 1 | . . . . . . . 1 . Zone Layout 3 | . 1 . . . 2 . . . Fabricator Hacks . | . . . . . . . . . Repair Station Hacks 2 | . . 2 . . . . . . Scan Component 1 | . . 1 . . . . . . Repair 1 | . . 1 . . . . . . Recycling Unit Hacks . | . . . . . . . . . Scanalyzer 3 | . . . . . . 3 . . Insert Component 1 | . . . . . . 1 . . Analyze 2 | . . . . . . 2 . . Garrison Access Hacks . | . . . . . . . . . Unauthorized Hacks 43 | . 8 8 . . . 7 6 14 Terminals 35 | . 8 6 . . . 7 6 8 Assimilate 1 | . 1 . . . . . . . Botnet 9 | . 2 1 . . . 2 1 3 Skim 25 | . 5 5 . . . 5 5 5 Fabricators . | . . . . . . . . . Repair Stations . | . . . . . . . . . Recycling Units 8 | . . 2 . . . . . 6 Tunnel 8 | . . 2 . . . . . 6 Scanalyzers . | . . . . . . . . . Garrison Access . | . . . . . . . . . Data Cores Recovered 1 | . . 1 . . . . . . Used . | . . . . . . . . . Hacking Detections 36 | . 6 6 . . 2 10 7 5 Full Trace Events 1 | . . . . . . . 1 . Feedback Events . | . . . . . . . . . Feedback Blocked . | . . . . . . . . . Robot Schematics Acquired 1 | . . . . . . . 1 . Robots Built . | . . . . . . . . . Authchips . | . . . . . . . . . Time . | . . . . . . . . . Total Robot Build Rating . | . . . . . . . . . Part Schematics Acquired 1 | . . . . . . 1 . . Parts Built . | . . . . . . . . . Authchips . | . . . . . . . . . Time . | . . . . . . . . . Total Part Build Rating . | . . . . . . . . . Parts Repaired 1 | . . 1 . . . . . . Time 26 | . . 26 . . . . . . Parts Recycled . | . . . . . . . . . Recycled Matter . | . . . . . . . . . Retrieved Matter . | . . . . . . . . . Retrieved Components . | . . . . . . . . . Parts Scanalyzed 1 | . . . . . . 1 . . Part Schematics Acquired 1 | . . . . . . 1 . . Parts Damaged . | . . . . . . . . . Bothacking | -11 -10 -9 -9 -9 -8 -8 -8 -8 ------------ Run | Yrd Mat Mat Min Exi Min Mat Sto Rec Used RIF Installer . | . . . . . . . . . Robots Hacked . | . . . . . . . . . Non-combat . | . . . . . . . . . Combat . | . . . . . . . . . Robot Hacks Applied . | . . . . . . . . . Relay Couplers Released . | . . . . . . . . . Fabnet Peak Effective % . | . . . . . . . . . Robots Rewired 3 | . . . . . . . . 3 Allies Hacked . | . . . . . . . . . Hacks Repelled . | . . . . . . . . . Allies | -11 -10 -9 -9 -9 -8 -8 -8 -8 -------- Run | Yrd Mat Mat Min Exi Min Mat Sto Rec Total Allies 15 | . . . 2 . . . 10 3 Largest Group 12 | . . . 2 2 . . 10 12 Highest-Rated Group 190 | . . . 41 41 . . 173 190 Highest-Rated Ally 31 | . . . 31 31 . . 29 29 Total Orders . | . . . . . . . . . Ally Attacks 78 | . . . 8 . . . 24 46 Total Damage 807 | . . . 127 . . . 283 397 Kills 9 | . . . 4 . . . 2 3 Allies Corrupted . | . . . . . . . . . Allies Melted . | . . . . . . . . . Intel | -11 -10 -9 -9 -9 -8 -8 -8 -8 ------- Run | Yrd Mat Mat Min Exi Min Mat Sto Rec Active Infowar (turns) 3373 | 37 1463 960 . . . . . 913 Structural 913 | . . . . . . . . 913 Seismic 2460 | 37 1463 960 . . . . . . Robot Analysis Total 5 | . 2 . . . . 3 . . Derelict Logs Recovered 1 | . . . 1 . . . . . Drone Launches . | . . . . . . . . . Drone Recoveries . | . . . . . . . . . Exploration | -11 -10 -9 -9 -9 -8 -8 -8 -8 ------------- Run | Yrd Mat Mat Min Exi Min Mat Sto Rec Turns Passed 10182 | 220 1681 1841 862 229 1014 2002 1352 981 Spaces Moved 5374 | 98 837 929 517 143 534 1064 708 544 Core 8 | 3 . . . . . . . 5 Treads 4908 | 95 484 824 517 143 534 1064 708 539 Legs 318 | . 284 34 . . . . . . Wheels 140 | . 69 71 . . . . . . Hover . | . . . . . . . . . Flight . | . . . . . . . . . Fastest Speed 50 | 50 115 110 160 160 160 160 156 50 Average Speed 161 | 156 165 161 160 160 160 162 159 157 Slowest Speed 320 | 160 190 260 160 160 160 240 160 320 Overloaded Moves . | . . . . . . . . . Propulsion Burnouts . | . . . . . . . . . Robots Hopped . | . . . . . . . . . Potential Cave-ins . | . . . . . . . . . Cave-ins Triggered . | . . . . . . . . . Exploration Rate (%) 76 | 7 98 74 98 50 100 83 85 91 Regions Visited 8 Branch Regions 5 Pre-discovered Areas 15 | . 1 3 1 1 . 1 1 7 Known Exits Taken 6 | . 1 1 1 . 1 1 1 . Unknown Exits Taken 2 | 1 . . . 1 . . . . Scrap Searched 3 | . . . 2 . 1 . . . Spaces Dug 22 | . 1 1 . . . 20 . . Terrain Destroyed 110 | . 1 26 19 . 36 28 . . Melee 2 | . 1 1 . . . . . . Projectile 15 | . . 3 . . 10 2 . . AOE 93 | . . 22 19 . 26 26 . . Terrain Rammed . | . . . . . . . . . Walls Destroyed . | . . . . . . . . . Machines Disabled . | . . . . . . . . . Actions | -11 -10 -9 -9 -9 -8 -8 -8 -8 --------- Run | Yrd Mat Mat Min Exi Min Mat Sto Rec Total 6274 | 135 984 1159 538 143 603 1234 845 633 Wait 175 | . 23 62 11 . 6 24 41 8 Move 5366 | 97 836 928 516 142 533 1063 707 544 Hop . | . . . . . . . . . Pick Up 81 | 7 12 30 . 1 3 20 6 2 Fast Attach 34 | 7 2 10 . . . 8 5 2 Attach 16 | . 5 3 . . 2 3 1 2 Detach 3 | . . 1 . . . 1 1 . Swap 40 | . 1 18 2 . 6 10 1 2 Drop 85 | . 3 37 . . 4 30 10 1 Fire 375 | 24 73 62 7 . 46 73 70 20 Melee 20 | . 13 3 . . . . . 4 Ram 1 | . . . . . . . . 1 Kick 10 | . 10 . . . . . . . Crush 25 | . 6 5 2 . 3 2 3 4 Escape Stasis . | . . . . . . . . . Rewire 43 | . . . . . . . . 43 Trap . | . . . . . . . . . Miscellaneous . | . . . . . . . . . Route ------- -11/Scrapyard -10/Materials (discovered 5 exits: *Mat x3 / [*Min] / Sub) -9/Materials (discovered 5 exits: *Mat x3 / *Min x2) -9/Mines (discovered 3 exits: *Mat x2 / *Exi) -9/Exiles -8/Mines (discovered 2 exits: *Mat x2) -8/Materials (discovered 5 exits: *Fac x3 / *Sto x2) -8/Storage (discovered 2 exits: *Fac / *Rec) -8/Recycling (discovered 1 exit: *Fac) History --------- Turn | Location | Event 22 | -11/Scrapyard | Discovered new exit (range 14) 221 | -11/Scrapyard | Entered Materials 342 | -10/Materials | Build established: Mutant 370 | -10/Materials | Discovered new exit (range 14) 928 | -10/Materials | Discovered new exit (range 8) 1110 | -10/Materials | Discovered new exit (range 6) 1137 | -10/Materials | Core integrity fell below 50% 1203 | -10/Materials | Discovered new exit (range 13) 1227 | -10/Materials | Lost 3 parts (2n1w) 1349 | -10/Materials | Lost 3 parts (1n1u1w) 1440 | -10/Materials | Identified exit to Subcaves 1440 | -10/Materials | Learned location of 2 exits from Materials 1499 | -10/Materials | Learned Storage security intel 1549 | -10/Materials | Learned location of Recycling (-8) 1634 | -10/Materials | Learned location of 2 exits from Mines 1640 | -10/Materials | Learned location of 2 exits from Mines 1733 | -10/Materials | Identified exit to Materials 1761 | -10/Materials | Learned location of 3 exits from Materials 1902 | -10/Materials | Entered another Materials area 1902 | -9/Materials | Evolved 2 slots: Propulsion x1, Utility x1 1903 | -9/Materials | Identified exit to Materials 1903 | -9/Materials | Identified exit to Mines 2404 | -9/Materials | Build established: Scavenger-Mutant 2873 | -9/Materials | Learned Storage emergency access door positions 2967 | -9/Materials | Loaded intel: 11 terminal locations 2977 | -9/Materials | Loaded intel: 17 interactive machine locations 2978 | -9/Materials | Learned location of 2 exits from Materials 3033 | -9/Materials | Learned Storage emergency access door positions 3149 | -9/Materials | Build established: Mutant 3659 | -9/Materials | Repaired Lgt. Treads 3743 | -9/Materials | Entered Mines 3745 | -9/Mines | Identified exit to Exiles 4044 | -9/Mines | Learned 2 Materials zone layouts 4130 | -9/Mines | Learned location of Storage (-8) 4180 | -9/Mines | Deemed a non-threat by the Exiles lab entrance 4605 | -9/Mines | Entered Exiles 4605 | -9/Exiles | Accompanied by 2 allies 4635 | -9/Exiles | Led the pair of lost Derelicts to a safe place 4659 | -9/Exiles | Met 8R-AWN 4682 | -9/Exiles | Met EX-HEX 4749 | -9/Exiles | Met EX-DEC 4755 | -9/Exiles | Learned location of Zion (-6) 4813 | -9/Exiles | Discovered new exit (range 15) 4834 | -9/Exiles | Entered Mines 5848 | -8/Mines | Entered Materials 5848 | -8/Materials | Evolved 2 slots: Propulsion x1, Utility x1 5849 | -8/Materials | Identified exit to Storage 5850 | -8/Materials | Identified exit to Factory 7027 | -8/Materials | Discovered exit to Factory (range 10) 7191 | -8/Materials | Learned Storage security intel 7249 | -8/Materials | Learned location of 2 exits from Lower Caves 7297 | -8/Materials | Learned location of Lower Caves (-6) 7302 | -8/Materials | Discovered exit to Storage (range 10) 7336 | -8/Materials | Learned Factory security intel 7389 | -8/Materials | Learned location of 1 exit from Lower Caves 7469 | -8/Materials | Learned 2 Lower Caves zone layouts 7524 | -8/Materials | Learned 2 Lower Caves zone layouts 7850 | -8/Materials | Entered Storage 7851 | -8/Storage | Identified exit to Recycling 7944 | -8/Storage | Learned location of Armory (-4) 8319 | -8/Storage | Garrison activated, responded to threat 8467 | -8/Storage | Met 01-MTF 8836 | -8/Storage | Assisted by bots powering up and referring to "LRC-V3" 9093 | -8/Storage | Discovered exit to Factory (range 5) 9128 | -8/Storage | Build established: Commander-Mutant 9202 | -8/Storage | Entered Recycling 9202 | -8/Recycling | Accompanied by 10 allies (01-MTF) 9629 | -8/Recycling | Identified exit to Factory 9704 | -8/Recycling | Learned location of 1 exit from Storage 9771 | -8/Recycling | Identified exit to Scraptown 9871 | -8/Recycling | Learned Factory emergency access door positions 9951 | -8/Recycling | Learned Factory trap positions 10004 | -8/Recycling | Learned location of Lower Caves (-7) 10050 | -8/Recycling | Scanned before Scraplab entrance 10066 | -8/Recycling | Learned Factory emergency access door positions 10068 | -8/Recycling | Angered Scraplab inhabitants 10129 | -8/Recycling | Core integrity fell below 50% 10134 | -8/Recycling | Allies destroyed 01-MTF 10138 | -8/Recycling | System corruption reached 10% 10171 | -8/Recycling | Lost 12 allies 10180 | -8/Recycling | Core integrity fell below 20% 10180 | -8/Recycling | Released all parts (3) 10183 | -8/Recycling | Destroyed by KN-7UR with KN-7UR's Autopenetrator Last Messages --------------- 10180_ Titanium Leg crushed and broken. 10180_ Great Axe crushed and broken. 10180_ Corrupted Authchip [Propulsion] crushed and broken. 10180_ Titanium Leg crushed and broken. 10180_ Great Axe crushed and broken. 10180_ Acquired 28 matter. 10181_ Slammed into KN-7UR. 10181_ Penetrated by Thermabolt. 10181_ Thermabolt penetrates Earth. 10181_ Penetrated by Thermabolt. 10181_ Thermabolt penetrates Earth. 10181_ Penetrated by Thermabolt. 10181_ Thermabolt penetrates Earth. 10182_ Wall collapses. 10183_ Penetrated by Thermabolt. 10183_ Thermabolt penetrates Wall. 10183_ Penetrated by Thermabolt. 10183_ Thermabolt penetrates Wall. 10183_ Penetrated by Thermabolt. Map ----- +----------------------------------------------------+ | ?????????????????????????????????????? | | ?????????????????????????????????????? | | ?????????????????????????????????????? | | ?????????????????????????????????????? | | ?????????????????????????????????????? | | ?????????????????????????????????????? | | ?????????????????????????????????????? | | ?????????????????????????????????????? | | ?????????????????????????????????????? | | #????????????????????????????????????? | | #####????????????????????????????????? | | #####????????????????????????????????? | | ##????????????????????????????????? | | ##????????????????????????????????? | | ##??####??????????????????????????? | | ########??????????????????????????? | | ###%% ####????????????????????????? | | ######%%%####????????????????????????? | | ##????????????????????????? | | ##????????########????????? | | ###???????########????????? | | #####+########???????## [#######???? | | ! ! ##???#####;=%=[########??? | | ! !! ##??#######![=*####*###??? | | [!! ! !##??#![|%=!h====%c%=!##??? | | !! ! ##??##"=!##|=@=####% ##??? | | #########/####???##%###[%[ ##### ##??? | | ######### ####???##=##;* ##??? ##??? | | ######### ##?????##[###;#####??? ##??? | | ###### ##?????##!## ######????????? | | " + ##?????##=###??????????????? | | " #########?????##=##???????????????? | | " ################ ##???????????????? | | ################ ##???????????????? | | " ### ! # ##???????????????? | | " ### # ##???????????????? | | " ###[ % # ##???????????????? | | ### # ##???????????????? | | +##### # ##?????????????>?? | | # / ##???????????????? | | / # ##???????????????? | | # # ##???????????????? | | +### # # ##???????????????? | | # # #%##???????????????? | | # # % ! # ####?????????????? | | # # # ####?????????????? | | # ###########+## !!##?????????????? | | # ########### !!##?????????????? | | # ########### !!##?????????????? | | # # ######### ####?????????????? | +----------------------------------------------------+ Best States ------------- Heat Dissipation 50 Energy Generation 18 Energy Capacity 280 Matter Stores 300 Matter Capacity 300 Sight Range 16 Terrain Scan Density 10 Armor Coverage 300 Resistance: TH 10 Evasion (%) 55 Targeting Accuracy 8 Recoil Reduction 4 Authchip Count 2 Item Schematics ----------------- Aerolev Unit | -8/Materials | Scanalyzed Robot Schematics ------------------ M-28 Smith | -8/Storage | Hacked Fabricated ------------ Nothing Repaired ---------- Lgt. Treads | 71% | -9/Materials Alien Tech Used ----------------- None Achievements -------------- None Challenges ------------ None Game ------ Seed StealthDecoderMonowheel Manual? 0 Play Time 00:54:15 Cumulative 122.6 hours Start 2025.09.04 @ 17:09:13 End 2025.09.05 @ 18:01:09 Sessions 3 Manual Loads 0 Difficulty Rogue Special Mode None Game No. 109 Rogue 109 Adventurer 0 Explorer 0 Win Type - Total 4 Types 3/0/1/0/0/0/0/0/0/0 Lore% 64 Gallery% 57 Achievement% 56 Wizard Run 0 Options --------- Layout 1 ASCII 0 Keyboard 1 Movement Arrows Keybinds 0 Fullscreen 1 Font 24/Smallcaps Map View 50x40 Zoom Use 0% Tactical HUD 1 Map Filters NONE Filters NONE Steam 1 RUN: 5cfa0f82-cfe8-461a-ba05-cd3da6241311